 Dungeon Crawl Stone Soup version 0.16.1-51-g6203257 (webtiles) character file.

200606 RepoMan the Transmogrifier (level 18, -5/132 HPs)
             Began as a Gargoyle Transmuter on July 18, 2015.
             Was the Champion of Ru.
             Slain by a large abomination (9 damage)
             ... on level 3 of the Abyss on July 21, 2015.
             The game lasted 11:44:48 (51315 turns).

RepoMan the Transmogrifier (Gargoyle Transmuter)   Turns: 51315, Time: 11:44:48

Health: -5/132     AC: 29    Str: 13 (14) XL:     18   Next: 51%
Magic:  6/24       EV:  2    Int: 17      God:    Ru [******]
Gold:   1551       SH:  6    Dex: 11 (12) Spells: 8 memorised, 7 levels left

rFire  + . .     SeeInvis .       - Unarmed
rCold  + . .     Clarity  .     V - melded +4 leather armour of Grace {rC+ Regen+ Str+6 Stlth-}
rNeg   + + +     SustAb   .     r - +2 buckler
rPois  ∞         Gourm    .     e - melded +2 helmet of Demons {rN+ Int+6 Dex-4 Stlth-}
rElec  .         Spirit   .     I - melded +2 cloak
rCorr  .         Warding  +     Z - melded +0 pair of gloves
rMut   .         NoTele   +     (boots currently unavailable)
MR     +....                    C - amulet of the Falcon {Ward rF+ rN+}
Stlth  ..........               J - ring of protection from cold
                                f - +3 ring of dexterity

@: exhausted, tree-form, heavily drained, somewhat resistant to hostile
enchantments, extremely unstealthy
A: able to fly continuously, (big wings), blurry vision 2, clumsy 1, (deformed
body), dopey 1, frail 2, low mp 3, negative energy resistance 1, screaming 3,
(electricity resistance), slow healing 2, teleportitis 1, weak 1, (unbreathing),
petrification resistance, rot immunity, forlorn, inability to read while
threatened, no stealth, hated by all, no charms magic, no ice magic, no
necromancy magic, MP-powered wands 1, unskilled 1, AC +13
a: Stop Flying, Draw Out Power, Power Leap, Apocalypse, Renounce Religion
}: 1/15 runes: decaying


You were on level 3 of the Abyss.
You worshipped Ru.
Ru was exalted by your worship.
You were not hungry.
You were a tree.
You visited 6 branches of the dungeon, and saw 34 of its levels.
You visited the Abyss 1 time.
You also visited: Labyrinth, Ossuary and Bailey.

You collected 3761 gold pieces.
You spent 2210 gold pieces at shops.

Inventory:

Hand weapons
 c - the cursed +2 dagger "Eghumum" {freeze, rElec rPois rN+, unknown}
   (You found it on level 1 of the Abyss)

   It has been specially enchanted to freeze those struck by it, causing extra
   injury to most foes and up to half again as much damage against particularly
   susceptible opponents.
   It can also slow down cold-blooded creatures.
   It insulates you from electricity.
   It protects you from poison.
   It protects you from negative energy.
   It has a curse placed upon it.
 G - the +4 greatsling "Jellyslayer" {venom, rElec MP+9 Str+4 Int+5 SInv}
   (You found it on level 4 of the Lair of Beasts)

   It poisons the ammo it fires.
   It affects your strength (+4).
   It affects your intelligence (+5).
   It insulates you from electricity.
   It affects your magic capacity (+9).
   It enhances your eyesight.
Missiles
 k - 30 arrows
 O - 69 sling bullets
Armour
 e - the +2 helmet of Demons (melded) {rN+ Int+6 Dex-4 Stlth-}
   (You found it in a labyrinth)

   It affects your intelligence (+6).
   It affects your dexterity (-4).
   It protects you from negative energy.
   It makes you less stealthy.
 r - a +2 buckler (worn)
 I - a +2 cloak (melded)
 V - the +4 leather armour of Grace (melded) {rC+ Regen+ Str+6 Stlth-}
   (You found it in a labyrinth)

   It affects your strength (+6).
   It protects you from cold.
   It increases your rate of regeneration.
   It makes you less stealthy.
 Z - a +0 pair of gloves (melded)
Jewellery
 f - a +3 ring of dexterity (left branch)
 C - the amulet of the Falcon (around neck) {Ward rF+ rN+}
   (You bought it in a shop on level 14 of the Dungeon)

   [amulet of warding]

   It may prevent the melee attacks of summoned creatures.
   It protects you from fire.
   It protects you from negative energy.
 J - a ring of protection from cold (right branch)
Magical devices
 b - a wand of draining (9)
 m - a wand of flame (5)
 n - a wand of cold (6)
 s - a wand of lightning (6)
 H - a wand of heal wounds (0)
 M - a wand of lightning (5)
 R - a wand of hasting (2)
 U - a wand of digging (10)
Scrolls
 h - 10 scrolls of identify
 l - a scroll of enchant armour
 q - a scroll of amnesia
 z - 6 scrolls of remove curse
 A - 2 scrolls of recharging
 F - 2 scrolls of magic mapping
 L - a scroll of holy word
 N - 3 scrolls of teleportation
 Q - 4 scrolls of fear
Potions
 d - 2 potions of agility
 i - 2 potions of might
 j - a potion of mutation
 o - a potion of resistance
 p - a potion of magic
 x - 6 potions of brilliance
 D - 3 potions of cancellation
 K - a potion of lignification
 S - 3 potions of restore abilities
 Y - a potion of haste
Comestibles
 a - 11 bread rations
 g - 8 meat rations


   Skills:
 + Level 11.7(9.6) Fighting
 + Level 11.9(9.8) Armour
 + Level 9.1(7.1) Dodging
 + Level 4.2(2.5) Shields
 + Level 11.7(9.6) Unarmed Combat
 + Level 10.3(8.3) Spellcasting
 + Level 7.1(5.2) Conjurations
 + Level 12.6(10.4) Transmutations
 + Level 1.2(0.0) Fire Magic
 * Level 10.5(8.4) Earth Magic


You had 7 spell levels left.
You knew the following spells:

 Your Spells              Type           Power        Failure   Level  Hunger
a - Beastly Appendage     Trmt           #####.       1%          1    None
b - Blade Hands           Trmt           #####.....   4%          5    #####..
c - Stoneskin             Trmt/Erth      #####...     1%          2    None
d - Stone Arrow           Conj/Erth      ####..       2%          3    #......
g - Ignite Poison         Fire/Trmt      ###.......   43%         5    #####..
i - Irradiate             Conj/Trmt      ####......   17%         5    #####..
l - Lee's Rapid Deconstr  Erth           #####.....   12%         5    #####..
p - Petrify               Trmt/Erth      #####...     2%          4    ###....


Dungeon Overview and Level Annotations

Branches:
Dungeon (15/15)            Temple (1/1) D:5            Lair (8/8) D:10
  Swamp (5/5) Lair:3       Spider (0/5) Lair:5        Slime (0/6) Lair:7
    Orc (4/4) D:11            Elf (1/3) Orc:4        Vaults (0/5) D:14
 Depths (0/5) D:15

Altars:
Ashenzari
Cheibriados
Dithmenos
Elyvilon
Fedhas
Gozag
Kikubaaqudgha
Makhleb
Nemelex Xobeh
Qazlal
Ru
Sif Muna
Trog
Vehumet
Xom
Yredelemnul
Zin
The Shining One
Beogh

Shops:
D:4 (   D:13 }   D:14 **?:(   Orc:1 =   Orc:4 =:([[

Portals:
Hell: Lair:8

Annotations:
D:3 CcS's ghost, average CeHu; Sigmund
D:5 CcS's ghost, experienced TrMo
Lair:6 1 exclusion


Innate Abilities, Weirdness & Mutations

You are resistant to torment.
You are immune to poison.
You can fly continuously.
((Your stone body is very resilient (AC +13).))
((Your wings are large and strong.))
[Your magical capacity is extremely low (-30% MP).]
You resist negative energy.
[You frequently scream uncontrollably at your foes.]
((You are resistant to electric shocks.))
((You can survive without breathing.))
You are immune to petrification.
You are immune to rotting.
You cannot read scrolls while threatened.
You cannot be stealthy.
You are hated by all.
You cannot study or cast Charms magic.
You cannot study or cast Ice magic.
You cannot study or cast Necromancy magic.
You are somewhat unskilled (-1 Apt).
You are weak. (Str -2)
You expend magic power (3 MP) to slightly strengthen your wands.
[Scrolls take you longer to read.]
[You are clumsy. (Dex -2)]
[((Armour fits poorly on your strangely shaped body.))]
[You are dopey. (Int -2)]
[You are very frail (-20% HP).]
[Your magical capacity is extremely low (-30% MP).]
[You frequently scream uncontrollably at your foes.]
[You do not heal naturally when monsters are visible.]
[Space occasionally distorts in your vicinity.]
[You have difficulty communicating with the divine.]


Message History

A starcursed mass comes into view.
You can read scrolls again.
Evoke which item? (* to show all) (? for menu, Esc to quit)
Okay, then.
Drink which item? (? for menu, Esc to quit)
You turn into a tree.
Your +2 cloak melds into your body.
The +2 helmet of Demons {rN+ Int+6 Dex-4 Stlth-} melds into your body.
Your +0 pair of gloves melds into your body.
The +4 leather armour of Grace {rC+ Regen+ Str+6 Stlth-} melds into your body.
Your roots penetrate the ground.
You feel strangely stable.
Unknown command.
Really attack while wielding the +4 greatsling "Jellyslayer" {venom, rElec MP+9 Str+4 Int+5 SInv}?
Unknown command.
Wield which item (- for none, * to show all)? (? for menu, Esc to quit)
The +4 greatsling "Jellyslayer" {venom, rElec MP+9 Str+4 Int+5 SInv} stops dripping with poison.
You are now empty-handed.
You smack the smoke demon!
You kill the smoke demon!
The large abomination hits you!
You die...

#### #. ... . .
... #. #.# ..#.
...#
#...##.#..#
..#.....## #
###..#...#.##
.#.#.#.X.#. .#.
...#.##♣.#.
..#..
...#.#....§.#..
#..##....##.
#....##...#.##
##..# ..#X.. #
#X#. #........
.. ##..## .#..
# .#. #..G# .##
#. #.. #.§....
3#


You could see a starcursed mass and a large abomination.

Vanquished Creatures
  A bone dragon (Abyss:1)
  A tentacled monstrosity (Swamp:4)
  An Executioner (Abyss:1)
  2 thorn hunters
  Roxanne (Swamp:3)
  A daeva (Abyss:1)
  Wiglaf (Swamp:5)
  A grey draconian (Abyss:1)
  3 dire elephants
  A lorocyproca (Abyss:3)
  Snorg (Orc:2)
  A minotaur (Lab)
  A vault guard (D:14)
  2 deep elf high priests (Elf:1)
  Josephine (D:11)
  27 hydras
  Fannar (Lair:3)
  Harold (Lair:3)
  4 centaur warriors
  13 alligators
  3 ghost crabs
  A tengu warrior (D:15)
  2 ogre magi (D:15)
  2 death yaks (Lair:4)
  2 orc high priests
  2 hell hogs (Abyss:1)
  The ghost of CcS the Slinger, an experienced HaHu of Okawaru (D:9)
  6 deep elf knights
  A wretched star (Abyss:3)
  A sun demon (Lair:8)
  2 unseen horrors
  A wizard (Lair:8)
  Erolcha (Orc:2)
  A fire crab (Lair:6)
  11 swamp dragons
  3 spriggan druids
  5 orc knights
  4 deep elf summoners (Elf:1)
  7 hill giants
  4 shambling mangroves
  A wolf spider zombie (D:15)
  5 deep elf conjurers (Elf:1)
  A wolf spider (D:15)
  7 orc sorcerers
  3 cyclopes
  5 manticores
  An oklob plant (Lair:5)
  7 griffons
  An orb spider (Lair:5)
  10 ugly things
  A black mamba (shapeshifter) (D:14)
  A guardian serpent (shapeshifter) (Elf:1)
  2 rust devils
  A sixfirhy (Orc:4)
  3 hornets
  3 smoke demons
  2 gargoyles
  21 spiny frogs
  7 komodo dragons
  6 black mambas
  6 orange demons
  A kobold demonologist (D:15)
  3 red devils (Lair:8)
  2 hellwings
  4 two-headed ogres (D:15)
  A queen bee (Lair:3)
  4 ancient zymes
  A deep elf priest (Elf:1)
  A fire drake (Lair:8)
  Sonja (Orc:2)
  2 blue devils (Lair:8)
  5 giant leeches
  8 trolls
  30 slime creatures
  3 wandering mushrooms (Lab)
  22 blink frogs
  8 ravens
  4 baby alligators (Swamp:2)
  8 bog bodies
  8 wraiths
  4 shadows
  5 raiju
  3 basilisks
  A tarantella (shapeshifter) (D:14)
  A vampire (D:12)
  A redback (Elf:1)
  3 starcursed masses (Abyss:3)
  4 ynoxinuls (Abyss:1)
  4 hungry ghosts
  11 spriggans
  56 yaks
  11 deep elf magi
  3 large abominations (Abyss:1)
  A wyvern (D:8)
  15 hippogriffs
  20 vampire mosquitoes
  A fire bat (Abyss:1)
  8 wargs
  21 wolves
  12 deep elf fighters (Elf:1)
  9 insubstantial wisps (Swamp:2)
  3 neqoxecs
  29 swamp worms
  3 soldier ants
  10 swamp drakes
  19 water moccasins
  24 orc warriors
  22 porcupines
  5 small abominations
  2 eyes of draining
  7 wasps
  11 ice beasts
  3 sky beasts
  7 phantoms
  2 black bears
  24 ogres
  13 centaurs
  A brain worm (D:15)
  21 crocodiles
  3 big kobolds
  15 giant frogs
  2 scorpions
  A water moccasin skeleton (D:4)
  41 killer bees
  A wyvern skeleton (D:12)
  4 electric eels
  17 wights
  5 jellies
  Dowan (D:5)
  7 crimson imps
  6 centaur skeletons
  5 giant frog zombies
  6 centaur zombies
  32 orc priests
  5 giant frog skeletons
  6 hell rats (Elf:1)
  12 hounds
  A gnoll shaman (D:6)
  43 orc wizards
  2 iron imps
  10 iguanas
  4 quasits
  7 worker ants
  27 sheep
  7 ogre zombies (D:11)
  3 hound skeletons
  14 mummies
  A worker ant zombie (D:6)
  9 gnolls
  27 adders
  59 river rats
  2 giant mites
  3 shadow imps
  2 white imps
  9 ufetubi
  A worm (D:4)
  An adder zombie (D:9)
  An adder skeleton (D:8)
  3 giant geckos
  4 oozes
  159 orcs
  3 ball pythons
  12 bats
  4 giant cockroaches
  2 gnoll skeletons (Ossuary)
  31 goblins
  14 hobgoblins
  17 quokkas
  3 giant newts
  2 giant spores
  3 goblin skeletons
  3 goblin zombies (D:11)
  2 hobgoblin skeletons (D:11)
  2 hobgoblin zombies
  17 jackals
  26 kobolds
  A kobold zombie (D:6)
  9 orc skeletons
  15 orc zombies
  16 rats
  11 rat skeletons (Ossuary)
  2 ballistomycetes
  4 briar patches (Swamp:5)
  3 butterflies (Lair:3)
1505 creatures vanquished.

Vanquished Creatures (collateral kills)
  Duvessa (D:5)
  Blork the orc (D:5)
  An orc priest (D:4)
  2 iguanas (D:4)
  2 orc wizards (D:4)
  5 gnolls
  2 worms (D:2)
  4 orcs (D:4)
  A goblin (D:2)
  A rat (D:2)
20 creatures vanquished.

Vanquished Creatures (others)
  4 hydras
  An orc high priest (Elf:1)
  A slime creature (D:15)
  An unseen horror (D:10)
  A swamp dragon (Swamp:1)
  A shambling mangrove (Swamp:5)
  A deep elf conjurer (Elf:1)
  A griffon (D:15)
  A wandering mushroom (Lab)
  3 ravens (Swamp:5)
  2 spriggans (Swamp:5)
  2 yaks (D:14)
  A hippogriff (D:8)
  A spatial vortex (Abyss:3)
  2 swamp drakes
  2 orc warriors
  2 wasps
  A crocodile (Lair:8)
  An ogre zombie (D:11)
  7 orcs
  A goblin (Orc:3)
  2 kobolds
  An orc zombie (D:11)
  A briar patch (Swamp:5)
  18 fungi
  7 plants
  21 starspawn tentacles (Abyss:1)
  188 starspawn tentacle segments (Abyss:1)
275 creatures vanquished.

Grand Total: 1800 creatures vanquished

Notes
Turn   | Place    | Note
--------------------------------------------------------------
     0 | D:1      | RepoMan, the Gargoyle Transmuter, began the quest for the Orb.
     0 | D:1      | Reached XP level 1. HP: 12/12 MP: 3/3
   216 | D:1      | Reached XP level 2. HP: 16/16 MP: 2/4
   220 | D:1      | Learned a level 2 spell: Sticks to Snakes
  1060 | D:2      | Reached XP level 3. HP: 11/20 MP: 0/6
  2009 | D:2      | Reached XP level 4. HP: 25/25 MP: 6/8
  2689 | D:3      | Noticed an ice beast
  2735 | D:3      | Reached XP level 5. HP: 19/29 MP: 9/9
  2761 | D:3      | Noticed Sigmund
  2806 | D:3      | Noticed CcS's ghost (average CeHu)
  3429 | D:3      | Reached skill level 4 in Unarmed Combat
  3871 | D:4      | Reached XP level 6. HP: 31/34 MP: 11/13
  4164 | D:4      | Reached skill level 5 in Unarmed Combat
  4184 | D:4      | Found Wuimoeb's Antique Weapon Emporium.
  4656 | D:4      | Found an opulent altar of Gozag.
  5118 | D:4      | Reached XP level 7. HP: 38/38 MP: 13/15
  5279 | D:5      | Entered Level 5 of the Dungeon
  5279 | D:5      | Noticed CcS's ghost (experienced TrMo)
  5725 | D:5      | Noticed Duvessa
  5728 | D:5      | Noticed Dowan
  5731 | D:5      | Noticed Blork the orc
  5742 | D:5      | Killed Duvessa
  5742 | D:5      | Reached skill level 6 in Unarmed Combat
  5746 | D:5      | Killed Dowan
  5760 | D:5      | Killed Blork the orc
  5943 | D:5      | Found a staircase to the Ecumenical Temple.
  5967 | Temple   | Entered the Ecumenical Temple
  6106 | Temple   | Became a worshipper of Ru the Awakened
  6206 | D:5      | Reached XP level 8. HP: 40/43 MP: 18/18
  6409 | D:5      | Found a shimmering altar of Xom.
  6783 | D:6      | Reached skill level 7 in Unarmed Combat
  7062 | D:6      | Found a sand-covered staircase.
  7277 | Ossuary  | Entered an ossuary
  7723 | Ossuary  | Reached skill level 5 in Spellcasting
  7834 | Ossuary  | Reached skill level 5 in Transmutations
  7844 | Ossuary  | Gained mutation: You are hated by all. [Ru sacrifice]
  7844 | Ossuary  | Acquired Ru's first power
  9011 | D:7      | Got a steaming hunting sling
  9100 | D:7      | Reached XP level 9. HP: 39/48 MP: 21/21
  9171 | D:7      | Reached skill level 1 in Armour
  9807 | D:8      | Reached skill level 8 in Unarmed Combat
 10376 | D:8      | Found a sacrificial altar of Ru.
 10385 | D:8      | Gained mutation: You cannot be stealthy. [Ru sacrifice]
 10390 | D:8      | Noticed a centaur zombie
 10416 | D:8      | Killed a centaur zombie
 10428 | D:8      | Learned a level 5 spell: Blade Hands
 11122 | D:8      | Reached XP level 10. HP: 47/56 MP: 23/23
 11786 | D:8      | Identified the +7 hunting sling "Spider's Death" {speed, rC- Str+7 SInv} (You found it on level 7 of the Dungeon)
 12401 | D:9      | Found a stormy altar of Qazlal.
 12448 | D:9      | Got a dazzling quarterstaff
 12449 | D:9      | Identified the cursed +2 quarterstaff of Kiedeiceatz {elec, -Tele rN+ Str+6 Int+3 Dex-3} (You found it on level 9 of the Dungeon)
 12525 | D:9      | Noticed CcS's ghost (experienced HaHu)
 12702 | D:9      | Reached skill level 9 in Unarmed Combat
 13002 | D:9      | Killed CcS's ghost
 13096 | D:9      | Noticed a hill giant
 13115 | D:9      | Killed a hill giant
 13238 | D:9      | Reached skill level 5 in Fighting
 13265 | D:9      | Reached XP level 11. HP: 35/63 MP: 25/25
 13440 | D:10     | Entered Level 10 of the Dungeon
 13645 | D:10     | Noticed a hill giant
 13658 | D:10     | Killed a hill giant
 13763 | D:10     | Reached skill level 5 in Armour
 13792 | D:10     | Noticed a hill giant
 13808 | D:10     | Killed a hill giant
 13956 | D:10     | Gained mutation: You cannot read scrolls while threatened. [Ru sacrifice]
 13956 | D:10     | Acquired Ru's second power
 14133 | D:10     | Noticed an unseen horror
 14141 | D:10     | Killed an unseen horror
 14166 | D:10     | Learned a level 4 spell: Petrify
 14615 | D:10     | Found a staircase to the Lair.
 14648 | Lair:1   | Entered Level 1 of the Lair of Beasts
 15453 | Lair:1   | Noticed a seven-headed hydra
 15484 | Lair:1   | Killed a seven-headed hydra
 15903 | Lair:1   | Reached skill level 1 in Earth Magic
 15953 | Lair:1   | Reached skill level 5 in Dodging
 16445 | Lair:1   | Reached XP level 12. HP: 52/71 MP: 26/27
 17208 | Lair:1   | Gained mutation: You are somewhat unskilled (-1 Apt). [Ru sacrifice]
 17208 | Lair:1   | Reduced skill Armour to level 5
 17208 | Lair:1   | Reduced skill Earth Magic to level 1
 17208 | Lair:1   | Acquired Ru's third power
 17208 | Lair:1   | Acquired Ru's fourth power
 17390 | Lair:1   | Reached skill level 5 in Dodging
 19058 | Lair:2   | Identified a scroll of acquirement
 19673 | Lair:3   | Noticed a four-headed hydra
 19704 | Lair:3   | Killed a four-headed hydra
 21115 | Lair:3   | Noticed Harold
 21144 | Lair:3   | Killed Harold
 21435 | Lair:3   | Noticed Fannar
 21439 | Lair:3   | Reached XP level 13. HP: 74/76 MP: 23/28
 21474 | Lair:3   | Killed Fannar
 21516 | Lair:3   | Found a staircase to the Swamp.
 22521 | Lair:4   | Got a warped greatsling
 23139 | Lair:5   | Reached skill level 10 in Unarmed Combat
 23360 | Lair:5   | Found a hole to the Spider Nest.
 24822 | Lair:6   | Found a shattered altar of Ashenzari.
 24867 | Lair:6   | Reached skill level 10 in Transmutations
 25504 | Lair:7   | Found a staircase to the Slime Pits.
 26220 | Lair:7   | Gained mutation: Your wings are large and strong. [gargoyle growth]
 26220 | Lair:7   | Reached XP level 14. HP: 80/84 MP: 25/30
 26540 | Lair:8   | Entered Level 8 of the Lair of Beasts
 26799 | Lair:8   | Gained mutation: You cannot study or cast Ice magic. [Ru sacrifice]
 26799 | Lair:8   | Gained mutation: You cannot study or cast Necromancy magic. [Ru sacrifice]
 26799 | Lair:8   | Gained mutation: You cannot study or cast Charms magic. [Ru sacrifice]
 26799 | Lair:8   | Acquired Ru's fifth power
 27401 | Lair:2   | Identified the +4 greatsling "Jellyslayer" {venom, rElec MP+9 Str+4 Int+5 SInv} (You found it on level 4 of the Lair of Beasts)
 27551 | D:11     | Noticed Josephine
 27569 | D:11     | Killed Josephine
 27841 | D:11     | Found a staircase to the Orcish Mines.
 30755 | D:12     | Reached skill level 11 in Transmutations
 32658 | D:13     | Got a twisted chain mail
 32663 | D:13     | Identified the +0 chain mail "Manad" {Regen+ Dex+4} (You found it on level 13 of the Dungeon)
 32698 | D:13     | Found Qaontoro's Gadget Boutique.
 32759 | D:13     | Reached XP level 15. HP: 85/91 MP: 30/30
 33180 | D:14     | Found Azaex's Magic Scroll Shoppe.
 33195 | D:14     | Bought a scroll of identify for 30 gold pieces
 33195 | D:14     | Bought a scroll of identify for 30 gold pieces
 33195 | D:14     | Bought a scroll of magic mapping for 52 gold pieces
 33196 | D:14     | Bought a scroll of acquirement for 780 gold pieces
 33197 | D:14     | Identified the Almanac of Blistering Attacks (You acquired it on level 14 of the Dungeon)
 33220 | D:14     | Found Shript's Book Shop.
 33233 | D:14     | Found Ghiriakk's Weapon Shoppe.
 33336 | D:14     | Gained mutation: [Your magical capacity is low (-10% MP).] [Ru sacrifice]
 33456 | D:14     | Found Suosugef's Assorted Antiques.
 33461 | D:14     | Bought a flickering pewter amulet for 145 gold pieces
 33461 | D:14     | Identified the amulet of the Falcon {Ward rF+ rN+} (You bought it in a shop on level 14 of the Dungeon)
 33530 | D:14     | Bought a faintly humming scale mail for 261 gold pieces
 33540 | D:14     | Identified the cursed -2 scale mail of the Duke {+Inv Str-5 Dex+7} (You bought it in a shop on level 14 of the Dungeon)
 33553 | D:14     | Learned a level 3 spell: Stone Arrow
 33862 | D:14     | Reached skill level 1 in Conjurations
 34195 | D:14     | Found Cuutasti's Assorted Antiques.
 34470 | D:14     | Found a gate to the Vaults.
 34519 | D:14     | Reached skill level 10 in Armour
 34582 | D:15     | Entered Level 15 of the Dungeon
 34859 | D:15     | Found a labyrinth entrance.
 34868 | Lab      | Entered a labyrinth
 35143 | Lab      | Got an ivory short sword
 35179 | Lab      | Got an encrusted helmet
 35179 | Lab      | Got a scorched ring mail
 35179 | Lab      | Got a spiked leather armour
 35193 | Lab      | Identified the +2 helmet of Demons {rN+ Int+6 Dex-4 Stlth-} (You found it in a labyrinth)
 35203 | Lab      | Identified the cursed -1 ring mail "Twoun" {Stlth+} (You found it in a labyrinth)
 35214 | Lab      | Identified the +4 leather armour of Grace {rC+ Regen+ Str+6 Stlth-} (You found it in a labyrinth)
 35217 | Lab      | Identified the +6 short sword "Zuawaqom" {venom, rElec rPois rF- rC- Str+4} (You took it off a minotaur in a labyrinth)
 35238 | D:15     | Reached skill level 10 in Fighting
 36184 | D:15     | Found a staircase to the Depths.
 36217 | D:15     | Reached skill level 1 in Shields
 36873 | Orc:1    | Entered Level 1 of the Orcish Mines
 36924 | Orc:1    | Found Couryomo's Jewellery Shop.
 36952 | Orc:1    | Found a flagged portal.
 37246 | Orc:2    | Paralysed by an orc sorcerer for 5 turns
 37295 | Orc:2    | Noticed Sonja
 37326 | Orc:2    | Killed Sonja
 37376 | Orc:2    | Found a flagged portal.
 37398 | Bailey   | Entered a bailey
 37589 | Bailey   | Reached XP level 16. HP: 97/97 MP: 24/28
 38117 | Orc:2    | Gained mutation: [You occasionally shout uncontrollably at your foes.] [Ru sacrifice]
 38280 | Orc:2    | Noticed Erolcha
 38281 | Orc:2    | Noticed Snorg
 38288 | Orc:2    | Killed Erolcha
 38292 | Orc:2    | Killed Snorg
 38742 | Orc:3    | Found a roughly hewn altar of Beogh.
 39118 | Orc:4    | Entered Level 4 of the Orcish Mines
 39292 | Orc:4    | Found Foledyh's Armour Shop.
 39299 | Orc:4    | Found Tweil's Antique Armour Shop.
 39299 | Orc:4    | Found Cahac's Antique Weapon Boutique.
 39326 | Orc:4    | Paralysed by an orc sorcerer for 3 turns
 39336 | Orc:4    | Reached skill level 5 in Earth Magic
 39443 | Orc:4    | Found Pufaux's Book Boutique.
 39480 | Orc:4    | Bought the Incunabulum of Ashen Combat Magic for 912 gold pieces
 39483 | Orc:4    | Learned a level 2 spell: Stoneskin
 39489 | Orc:4    | Learned a level 5 spell: Irradiate
 39541 | Orc:4    | Learned a level 5 spell: Lee's Rapid Deconstruction
 39637 | Orc:4    | Found a staircase to the Elven Halls.
 39735 | Orc:4    | Found Filotema's Jewellery Boutique.
 40952 | Lair:8   | Found a burning altar of Makhleb.
 40993 | Lair:8   | Found a gateway to Hell.
 41029 | Lair:8   | Identified Kuib's Tome of Earthen Transformation
 41039 | Lair:8   | Learned a level 5 spell: Ignite Poison
 41659 | Swamp:1  | Entered Level 1 of the Swamp
 42154 | Swamp:1  | Got a scorched leather armour
 42326 | Swamp:1  | Identified the cursed -2 leather armour of the First Snow {-Tele Dex+9} (You found it on level 1 of the Swamp)
 42671 | Swamp:2  | Reached skill level 12 in Transmutations
 43226 | Swamp:2  | Reached skill level 5 in Conjurations
 43872 | Swamp:3  | Noticed Roxanne
 43970 | Swamp:3  | Killed Roxanne
 44034 | Swamp:3  | Reached XP level 17. HP: 102/104 MP: 15/29
 45005 | Swamp:4  | Noticed a tentacled monstrosity
 45017 | Swamp:4  | Killed a tentacled monstrosity
 45769 | Swamp:5  | Entered Level 5 of the Swamp
 45804 | Swamp:5  | Reached skill level 10 in Spellcasting
 46702 | Swamp:5  | Got a decaying rune of Zot
 47488 | Swamp:5  | Noticed Wiglaf
 47514 | Swamp:5  | Killed Wiglaf
 48435 | Elf:1    | Entered Level 1 of the Elven Halls
 48520 | Elf:1    | Reached XP level 18. HP: 97/110 MP: 12/31
 49058 | Elf:1    | Reached skill level 10 in Earth Magic
 49441 | Elf:1    | Gained mutation: You expend magic power (3 MP) to slightly strengthen your wands. [a neqoxec]
 49678 | Elf:1    | Cast into the Abyss (a deep elf demonologist)
 49678 | Abyss:1  | Found a corrupted altar of Lugonu.
 49917 | Abyss:1  | Noticed a bone dragon
 49983 | Abyss:1  | Noticed a bone dragon
 50070 | Abyss:1  | Killed a bone dragon
 50312 | Abyss:1  | Reached skill level 1 in Fire Magic
 50320 | Abyss:1  | HP: 1/111 [starcursed mass/accursed screaming (8)]
 50370 | Abyss:1  | Noticed an ancient lich
 50379 | Abyss:1  | Found a corrupted altar of Lugonu.
 50396 | Abyss:1  | Got an encrusted dagger
 51039 | Abyss:3  | Found a burning altar of Makhleb.
 51039 | Abyss:3  | Found a corrupted altar of Lugonu.
 51051 | Abyss:3  | Found an opulent altar of Gozag.
 51286 | Abyss:3  | Gained mutation: You are weak. (Str -2) [a neqoxec]
 51311 | Abyss:3  | HP: 3/88 [large abomination (6)]
 51315 | Abyss:3  | Slain by a large abomination

Action                   |  1- 3 |  4- 6 |  7- 9 | 10-12 | 13-15 | 16-18 || total
-------------------------+-------+-------+-------+-------+-------+-------++-------
Melee: Unarmed           |   149 |   220 |   678 |   962 |  2032 |  1639 ||  5680
       Greatsling        |       |       |       |       |       |     2 ||     2
 Fire: Hunting sling     |       |       |    16 |   108 |    32 |       ||   156
       Blowgun           |       |       |       |    95 |    25 |       ||   120
       Greatsling        |       |       |       |       |   193 |    15 ||   208
Throw: Throwing net      |       |       |       |     1 |     7 |       ||     8
 Cast: Beastly Appendage |    11 |    23 |    64 |    72 |    93 |    55 ||   318
       Sticks to Snakes  |    11 |    24 |    14 |       |       |       ||    49
       Blade Hands       |       |       |       |     9 |    69 |    88 ||   166
       Petrify           |       |       |       |       |     7 |    25 ||    32
       Stone Arrow       |       |       |       |       |     6 |    53 ||    59
       Stoneskin         |       |       |       |       |       |    29 ||    29
       Lee's Rapid Decon |       |       |       |       |       |    36 ||    36
       Irradiate         |       |       |       |       |       |    13 ||    13
       Ignite Poison     |       |       |       |       |       |     9 ||     9
Invok: Sacrifice Love    |       |       |     1 |       |       |       ||     1
       Sacrifice Stealth |       |       |     1 |       |       |       ||     1
       Sacrifice Words   |       |       |       |     1 |       |       ||     1
       Reject Sacrifices |       |       |       |     1 |     2 |       ||     3
       Sacrifice Skill   |       |       |       |     1 |       |       ||     1
       Power Leap        |       |       |       |       |     2 |     2 ||     4
       Sacrifice Arcana  |       |       |       |       |     1 |       ||     1
       Draw Out Power    |       |       |       |       |     1 |     4 ||     5
       Sacrifice Essence |       |       |       |       |     1 |       ||     1
       Sacrifice Purity  |       |       |       |       |       |     1 ||     1
       Apocalypse        |       |       |       |       |       |     3 ||     3
 Abil: End Transformatio |       |       |       |       |     2 |       ||     2
       Fly               |       |       |       |       |     4 |    10 ||    14
       Stop Flying       |       |       |       |       |     3 |     4 ||     7
Evoke: Wand              |       |       |     7 |    13 |    19 |     5 ||    44
  Use: Scroll            |       |    10 |    12 |    12 |    25 |    15 ||    74
       Potion            |       |     2 |     9 |     3 |    15 |    18 ||    47
 Stab: Distracted        |       |     2 |     2 |     3 |     8 |     2 ||    17
       Sleeping          |       |       |     1 |       |       |       ||     1
       Invisible         |       |       |       |     5 |    26 |    14 ||    45
       Held in net/web   |       |       |       |       |     2 |       ||     2
       Petrified         |       |       |       |       |     1 |       ||     1
       Paralysed         |       |       |       |       |     5 |    13 ||    18
       Petrifying        |       |       |       |       |       |     2 ||     2
  Eat: Chunk             |     5 |     9 |    16 |    29 |    60 |    45 ||   164
       Beef jerky        |       |     1 |       |     2 |     2 |     3 ||     8
       Fruit             |       |       |     7 |       |     3 |     3 ||    13
       Royal jelly       |       |       |     1 |       |     2 |     1 ||     4
       Bread ration      |       |       |       |     1 |     1 |     5 ||     7
       Pizza             |       |       |       |       |     1 |       ||     1
